 Dungeon Crawl Stone Soup version 0.20-a0-1122-gb7cbeb9 (webtiles) character file.

1983 mopl the Tainter (level 9, 0/69 HPs)
             Began as a Naga Venom Mage on May 14, 2017.
             Was a Believer of Vehumet.
             Slain by an orc wizard
             ... wielding a +0 dagger
              (5 damage)
             ... on level 6 of the Dungeon.
             The game lasted 00:15:02 (6385 turns).

mopl the Tainter (Naga Venom Mage)                  Turns: 6385, Time: 00:15:03

Health: 0/69       AC:  6    Str: 11    XL:     9   Next: 20%
Magic:  8/16       EV: 10    Int: 18    God:    Vehumet [**....]
Gold:   227        SH:  0    Dex: 15    Spells: 6/17 levels left

rFire    . . .     SeeInvis +   A - +0 lajatang
rCold    . . .     Gourm    .   (shield currently unavailable)
rNeg     . . .     Faith    +   G - +1 robe {MR+}
rPois    +         Spirit   .   (no helmet)
rElec    .         Reflect  .   (no cloak)
rCorr    +         Harm     .   g - +0 pair of gloves
MR       ++...                  (no barding)
Stlth    ++........             e - amulet of faith {!P}
Regen    0.3/turn               m - +3 ring of dexterity
MPRegen  0.2/turn               D - ring of resist corrosion

@: very slightly contaminated, invisible, very slow
A: see invisible, deformed body, poison resistance, slowness 2, slow metabolism
1, spit poison 1, AC +3
a: Spit Poison, Renounce Religion


You were on level 6 of the Dungeon.
You worshipped Vehumet.
Vehumet was pleased with you.
You were very hungry.

You visited 2 branches of the dungeon, and saw 7 of its levels.

You collected 315 gold pieces.
You spent 88 gold pieces at shops.

Inventory:

Hand Weapons
 q - a +0 short sword
 u - a +0 quarterstaff
 A - a +0 lajatang (weapon)
Missiles
 t - 3 needles of sleeping
 z - 6 curare-tipped needles
 C - 4 tomahawks (quivered)
Armour
 g - a +0 pair of gloves (worn)
 r - a scarf of spirit shield
 G - a +1 robe of magic resistance (worn)
Jewellery
 e - an amulet of faith (around neck) {!P}
 m - a +3 ring of dexterity (left hand)
 D - a ring of resist corrosion (right hand)
Wands
 B - a wand of acid (9/15)
Scrolls
 d - 3 scrolls of amnesia {unknown}
 h - 2 scrolls of remove curse {unknown}
 i - a scroll of fog {unknown}
 l - 3 scrolls of identify
 n - 8 scrolls of teleportation
 o - 2 scrolls of magic mapping {unknown}
 w - a scroll of blinking {unknown}
 x - 2 scrolls of recharging {unknown}
 y - 4 scrolls of noise {unknown}
 F - a scroll of vulnerability {unknown}
Potions
 p - 3 potions of haste
 s - a potion of agility
 v - 3 potions of brilliance
Books
 b - a Young Poisoner's Handbook

   Spells                             Type                      Level
   a - Sting                          Conjuration/Poison           1
   b - Poisonous Vapours              Poison/Air                   2
   c - Mephitic Cloud                 Conjuration/Poison/Air       3
   d - Olgreb's Toxic Radiance        Poison                       4
   e - Venom Bolt                     Conjuration/Poison           5
Comestibles
 a - 3 fruits
 c - 4 bread rations
 j - 7 meat rations
 k - 6 royal jellies


   Skills:
 + Level 0.4 Fighting
 + Level 1.9 Staves
 - Level 1.5 Dodging
 - Level 3.0 Stealth
 + Level 4.9 Spellcasting
 * Level 6.8 Conjurations
 - Level 3.0 Air Magic
 + Level 10.0 Poison Magic


You had 6 spell levels left.
You knew the following spells:

 Your Spells              Type           Power        Failure   Level  Hunger
a - Sting                 Conj/Pois      ####         1%          1    None
b - Olgreb's Toxic Radia  Pois           #####...     1%          4    ####...
c - Poisonous Vapours     Pois/Air       ####..       1%          2    #......
d - Mephitic Cloud        Conj/Pois/Air  ####....     2%          3    ###....
e - Flame Tongue          Conj/Fire      ###..        3%          1    None


Dungeon Overview and Level Annotations

Branches:
Dungeon (6/15)             Temple (1/1) D:4

Altars:
Ashenzari
Cheibriados
Dithmenos
Elyvilon
Fedhas
Gozag
Hepliaklqana
Kikubaaqudgha
Makhleb
Nemelex Xobeh
Okawaru
Qazlal
Ru
Sif Muna
Trog
Uskayaw
Vehumet
Xom
Yredelemnul
The Shining One

Shops:
D:6 [


Innate Abilities, Weirdness & Mutations

You cannot wear boots.
Your serpentine skin is tough. (AC +3)
You have supernaturally acute eyesight. (SInv)
Armour fits poorly on your strangely shaped body.
Your system is resistant to poisons. (rPois)
You cover ground very slowly.
You have a slow metabolism.
You can spit poison.


Message History

Unknown command.
Unknown command.
The orc looks even sicker.
The orc wizard looks even sicker.
You kill the orc!
Vehumet accepts your kill.
You feel your power returning. The crimson imp hits you.
* * * LOW HITPOINT WARNING * * *
The crimson imp barely misses you.
A gnoll comes into view. It is wielding a spear.
You fade into invisibility!
The gnoll shouts!
The gnoll is poisoned.
Your toxic aura wanes.
The orc wizard barely misses you. The crimson imp barely misses you.
You are very lightly contaminated with residual magic.
Unknown command.
You hit the gnoll.
The gnoll is severely wounded.
The orc wizard hits you with a dagger.
You die...

#.......###.###.## ###
#<............# #
..#.##.....##.##.... #.
#.#.....>..#...#.##.
##5##.####.####...#.......#..
....o!..##.# #.....#...#....
#)##.# #)....##...#...
#.#.##.####........#...#.
#..)..)o@5.....##.#...#..
###...........g#....#...#
..........g...........#...
#.##########.....#...#.....
#.....##.##.#...
######..)........##.#
#............#(#.....
###.####.........####..
#.....###...###### ###


You could see an orc wizard, 2 gnolls and a crimson imp.

Vanquished Creatures
  Sigmund (D:3)
  An ice beast (D:5)
  An orc warrior (D:6)
  3 ogres
  A bullfrog (D:6)
  A scorpion (D:5)
  3 killer bees (D:5)
  2 crimson imps
  3 jellies
  3 orc priests
  A bullfrog skeleton (D:6)
  3 hounds
  Jessica (D:3)
  Terence (D:2)
  2 iguanas
  9 orc wizards
  7 worker ants
  A killer bee zombie (D:5)
  8 gnolls
  5 adders
  A shadow imp (D:5)
  An adder skeleton (D:6)
  3 worms
  3 dart slugs
  4 leopard geckos
  16 orcs
  8 bats
  8 giant cockroaches
  4 goblins
  8 hobgoblins
  3 frilled lizards
  8 kobolds
  2 quokka zombies (D:5)
  7 rats
  A butterfly (D:5)
134 creatures vanquished.

Notes
Turn   | Place    | Note
-------+----------+-------------------------------------------
     0 | D:1      | mopl the Naga Venom Mage began the quest for the Orb.
     0 | D:1      | Reached XP level 1. HP: 15/15 MP: 3/3
   114 | D:1      | Reached XP level 2. HP: 22/22 MP: 1/5
   118 | D:1      | Learned a level 2 spell: Poisonous Vapours
   366 | D:1      | Reached XP level 3. HP: 10/28 MP: 0/6
   567 | D:1      | Learned a level 3 spell: Mephitic Cloud
   683 | D:1      | Reached skill level 2 in Conjurations
  1062 | D:2      | Reached skill level 1 in Air Magic
  1303 | D:2      | Noticed Terence
  1307 | D:2      | Killed Terence
  1307 | D:2      | Reached skill level 5 in Poison Magic
  1307 | D:2      | Reached XP level 4. HP: 36/36 MP: 0/7
  1783 | D:2      | Found a faded altar of an unknown god.
  1942 | D:3      | Reached XP level 5. HP: 36/42 MP: 3/9
  2068 | D:3      | Reached skill level 6 in Poison Magic
  2298 | D:3      | Found a stormy altar of Qazlal.
  2298 | D:3      | Found a hazy altar of Hepliaklqana.
  2439 | D:3      | Noticed Sigmund
  2449 | D:3      | Noticed Jessica
  2459 | D:3      | Killed Jessica
  2650 | D:3      | Killed Sigmund
  2650 | D:3      | Reached skill level 3 in Spellcasting
  2650 | D:3      | Reached skill level 3 in Conjurations
  2650 | D:3      | Reached skill level 2 in Air Magic
  2650 | D:3      | Reached XP level 6. HP: 48/49 MP: 1/10
  2939 | D:2      | Learned a level 4 spell: Olgreb's Toxic Radiance
  3395 | D:4      | Found a staircase to the Ecumenical Temple.
  3404 | Temple   | Entered the Ecumenical Temple
  3559 | Temple   | Became a worshipper of Vehumet
  3654 | D:4      | Reached skill level 7 in Poison Magic
  3660 | D:4      | Reached XP level 7. HP: 34/55 MP: 3/11
  3817 | D:4      | Found a bloodstained altar of Trog.
  3975 | D:4      | Reached skill level 4 in Conjurations
  4110 | D:5      | Entered Level 5 of the Dungeon
  4259 | D:5      | Reached skill level 3 in Air Magic
  4366 | D:5      | Reached skill level 8 in Poison Magic
  4544 | D:5      | Reached * piety under Vehumet
  4544 | D:5      | Offered knowledge of Flame Tongue by Vehumet.
  4547 | D:5      | Learned a level 1 spell: Flame Tongue
  4556 | D:5      | Reached skill level 5 in Conjurations
  4556 | D:5      | Reached XP level 8. HP: 46/62 MP: 0/13
  5029 | D:5      | Reached skill level 4 in Spellcasting
  5279 | D:5      | Found a runed door.
  5287 | D:5      | Found a runed door.
  5292 | D:5      | Reached skill level 9 in Poison Magic
  5293 | D:5      | Reached skill level 6 in Conjurations
  5602 | D:5      | Reached ** piety under Vehumet
  5602 | D:5      | Offered knowledge of Throw Frost by Vehumet.
  5831 | D:6      | Reached skill level 1 in Staves
  5866 | D:6      | Found a deep blue altar of Sif Muna.
  5869 | D:6      | Reached XP level 9. HP: 51/68 MP: 16/16
  6237 | D:6      | Found Veikluzei's Antique Armour Boutique.
  6240 | D:6      | Bought a glowing robe for 88 gold pieces
  6375 | D:6      | Reached skill level 10 in Poison Magic
  6385 | D:6      | Slain by an orc wizard

Vault maps used:
D:1:      grunt_arrival_crossed_arrows
D:2:      chequers_ecumenical_altar_lobes, uniq_terence
D:3:      grunt_temple_overflow_open, first_bread, kennysheep_generic_room_11,
          uniq_jessica, uniq_sigmund
D:4:      lightli_temple_of_fire, minmay_temple_entry_statues_pillars
D:5:      lemuel_insect_pit
D:6:      serial_shops, nicolae_shop_window_shopping, basic_altar,
          minmay_misc_feat_columns, hangedman_decor_clover_reticule,
          lemuel_old_faithful
Temple:   eino_narrow_crystal_temple

Skill      XL: |  1  2  3  4  5  6  7  8  9 |
---------------+----------------------------+-----
Conjurations   | 2 3 5 6 |  6.8
Air Magic      | 1 2 3 |  3.0
Poison Magic   | 5 6 7 8 9 10 | 10.0
Spellcasting   | 3 4 |  4.9
Staves         | 1 |  1.9
Fighting       | |  0.4
Dodging        | |  1.5
Stealth        | |  3.0

Action                   |  1- 3 |  4- 6 |  7- 9 || total
-------------------------+-------+-------+-------++-------
Melee: Unarmed           |    32 |       |       ||    32
       Short sword       |     8 |    35 |       ||    43
       Quarterstaff      |       |    47 |    72 ||   119
       Lajatang          |       |       |    34 ||    34
 Cast: Sting             |    27 |     6 |       ||    33
       Poisonous Vapours |    22 |    32 |    33 ||    87
       Mephitic Cloud    |       |     2 |     1 ||     3
       Olgreb's Toxic Ra |       |     7 |    15 ||    22
       Flame Tongue      |       |       |    16 ||    16
  Use: Scroll            |       |     1 |     5 ||     6
       Potion            |       |     2 |     2 ||     4
 Stab: Sleeping          |       |     5 |     3 ||     8
       Distracted        |       |     2 |       ||     2
  Eat: Chunk             |     2 |     9 |    11 ||    22
Armor: Robe              |    24 |    33 |    43 ||   100
Dodge: Dodged            |    38 |    69 |    84 ||   191
